 Dungeon Crawl Stone Soup version 0.25-a0-489-g9ae84a01e3 (webtiles) character file.

Game seed: 2759018690570393307, levelgen mode: deterministic

1347 Forecaster the Magician (level 8, 0/68 HPs)
             Began as a Naga Wizard on Feb 11, 2020.
             Was a Follower of Wu Jian.
             Slain by Harold
             ... wielding a +1 long sword of holy wrath
              (3 damage)
             ... on level 6 of the Dungeon.
             The game lasted 01:21:59 (5471 turns).

Forecaster the Magician (Naga Wizard)               Turns: 5471, Time: 01:22:00

Health: 0/68       AC:  6    Str: 10    XL:     8   Next: 62%
Magic:  6/17       EV: 10    Int: 21    God:    Wu Jian [*.....]
Gold:   420        SH:  0    Dex:  9    Spells: 9/19 levels left

rFire    x . .     SeeInvis +   q - +0 hand axe (venom)
rCold    + + .     Gourm    .   (no shield)
rNeg     . . .     Faith    .   W - +0 leather armour {rC+}
rPois    +         Spirit   .   b - +1 hat
rElec    .         Reflect  .   (no cloak)
rCorr    .         Harm     .   S - +0 pair of gloves
MR       +....                  (no barding)
Stlth    ++........             (no amulet)
HPRegen  0.21/turn              u - ring of ice
MPRegen  0.15/turn              (no ring)

@: marked, flying, very slightly contaminated, invisible, very slow
A: large, see invisible, deformed body, mutation resistance 1, poison
resistance, slowness 2, slow metabolism 1, spit poison 1, MP-powered wands, AC
+2
a: Spit Poison, Renounce Religion


You were on level 6 of the Dungeon.
You worshipped Wu Jian.
Wu Jian was aware of your devotion.
You were not hungry.

You visited 1 branch of the dungeon, and saw 7 of its levels.

You collected 420 gold pieces.

Inventory:

Hand Weapons
 f - a +0 war axe
 i - a +0 dagger
 k - a +0 halberd
 m - a +0 short sword
 q - a +0 hand axe of venom (weapon)
 C - a +1 falchion
 E - a +0 hand crossbow
Missiles
 g - 223 stones (quivered)
 j - 125 arrows
 o - 53 sling bullets
 p - 2 throwing nets
 r - 9 poisoned darts
 M - 7 boomerangs
 P - 8 javelins
Armour
 a - a +0 robe
 b - a +1 hat (worn)
 h - a +0 robe
 v - a +0 robe
 x - a +0 cloak
 z - a +0 plate armour
 J - a +0 helmet
 L - a +0 plate armour
 N - a +0 ring mail
 O - a +0 ring mail
 R - a +0 robe
 S - a +0 pair of gloves (worn)
 T - a +0 leather armour
 V - a +0 leather armour
 W - a +0 leather armour of cold resistance (worn)
 X - a +0 robe
 Y - a +0 robe
Jewellery
 u - a ring of ice (left hand)
 w - an uncursed ring of see invisible
Wands
 t - a wand of random effects (17)
 B - a wand of iceblast (10)
 F - a wand of digging (3)
 Q - a wand of clouds (4)
Scrolls
 c - 3 scrolls of identify
 e - a scroll of magic mapping {unknown}
 l - 2 scrolls of fog
 y - 4 scrolls of remove curse
 A - a scroll of immolation {unknown}
 D - 2 scrolls of amnesia
Potions
 n - 3 potions of brilliance
 s - a potion of mutation
 H - a potion of flight
 I - a potion of heal wounds {unknown}
 K - a potion of agility {unknown}
Comestibles
 d - 15 rations


   Skills:
 + Level 2.4 Fighting
 + Level 3.3 Long Blades
 + Level 1.8 Axes
 + Level 0.1 Armour
 + Level 3.0 Dodging
 + Level 4.0 Stealth
 + Level 6.3 Spellcasting
 + Level 2.4 Conjurations
 + Level 4.6 Summonings
   Level 1.0 Translocations


You had 9 spell levels left.
You knew the following spells:

 Your Spells              Type           Power        Failure   Level  Hunger
a - Magic Dart            Conj           ###.         4%          1    None
b - Call Imp              Summ           ####....     2%          2    None
c - Slow                  Hex            #.......     19%         2    None
d - Mephitic Cloud        Conj/Pois/Air  ##......     28%         3    #......
e - Searing Ray           Conj           ###...       7%          2    None

Your spell library contained the following spells:

 Spells                   Type           Power        Failure   Level  Hunger
 Blink                    Tloc           N/A          13%         2    None
 Conjure Flame            Conj/Fire      ##......     24%         3    #......
 Dazzling Flash           Conj/Hex       ##....       24%         3    #......
 Iskenderun's Mystic Bla  Conj/Tloc      ##......     54%         4    ###....
 Fulminant Prism          Conj/Hex       ##........   61%         4    ###....


Dungeon Overview and Level Annotations

Branches:
Dungeon (7/15)
 Temple: D:4-7

Altars:
Cheibriados
Gozag
Hepliaklqana
Ru
Wu Jian

Shops:
D:4 %

Annotations:
D:6 Harold


Innate Abilities, Weirdness & Mutations

You cannot wear boots.
Your serpentine skin is tough. (AC +2)
You have supernaturally acute eyesight. (SInv)
Armour fits poorly on your strangely shaped body.
Your system is resistant to poisons. (rPois)
You cover ground very slowly.
You have a slow metabolism.
You can spit poison.
You are somewhat resistant to further mutation.
You expend magic power (3 MP) to strengthen your wands.


Message History

You climb upwards.
There is a stone staircase leading down here.
It was a potion of invisibility.
You fade into invisibility!
Harold barely misses you. The orc barely misses you.
You are very lightly contaminated with residual magic.
You closely miss the orc. You hit Harold.
Harold looks even sicker.
Harold points at you and mumbles some strange words.
You barely resist. The orc hits you but does no damage.
You closely miss the orc. You hit Harold but do no damage.
Harold looks as sick as possible!
Harold hits you with a +1 long sword of holy wrath.
* * * LOW HITPOINT WARNING * * *
The orc hits you with a +0 falchion.
* * * LOW HITPOINT WARNING * * *
It was a potion of flight.
You feel very buoyant.
You fly up into the air.
Harold hits you with a +1 long sword of holy wrath.
You die...

######### ........#
#######.###
###.......# ###
........#.# ##@##
........#.######@#.##
.............##o###.##
.......##......## ##.#
.......#####.##.###.##
.............###.#.##
.......##########.##
####'### #......#
##...## #.###..#
##.....## #.###..#


You could see Harold and an orc.

Vanquished Creatures
  A black bear (D:6)
  A phantom (D:6)
  A sky beast (D:6)
  2 ogres
  A hound (D:4)
  An orc priest (D:6)
  3 centaur skeletons
  4 orc wizards (D:6)
  2 worker ants (D:4)
  A worker ant zombie (D:6)
  A howler monkey skeleton (D:6)
  6 adders
  3 gnolls (D:5)
  A worm (D:3)
  3 leopard geckos
  6 orcs
  6 bats
  4 giant cockroaches
  4 goblins
  4 jackals
  2 ball pythons
  5 frilled lizards
  3 rats
65 creatures vanquished.

Vanquished Creatures (collateral kills)
  Grinder (D:5)
  A hippogriff (D:4)
  2 ogres (D:4)
  A sky beast (D:7)
  A howler monkey (D:6)
  3 crimson imps
  An orc priest (D:4)
  An orc wizard (D:4)
  4 worker ants
  An adder (D:5)
  A gnoll (D:5)
  2 shadow imps
  3 adder skeletons
  2 worms
  13 orcs
  3 bats
  2 giant cockroaches
  3 goblins
  2 hobgoblins
  7 jackals
  4 kobolds
  A quokka (D:2)
  A frilled lizard (D:2)
  A quokka skeleton (D:4)
  A rat (D:2)
62 creatures vanquished.

Grand Total: 127 creatures vanquished

Notes
Turn   | Place    | Note
-------+----------+-------------------------------------------
     0 | D:1      | Forecaster the Naga Wizard began the quest for the Orb.
     0 | D:1      | Reached XP level 1. HP: 15/15 MP: 4/4
   136 | D:1      | Reached XP level 2. HP: 9/22 MP: 4/6
   249 | D:1      | Learned a level 2 spell: Call Imp
   691 | D:2      | Reached XP level 3. HP: 12/28 MP: 1/8
  2024 | D:3      | Reached XP level 4. HP: 36/36 MP: 2/9
  2132 | D:3      | Found an ornate altar of the Wu Jian Council.
  2138 | D:3      | Became a worshipper of the Wu Jian Council
  2202 | D:3      | Gained mutation: You expend magic power (3 MP) to
                  | strengthen your wands. [potion of mutation]
  2202 | D:3      | Gained mutation: You are somewhat resistant to further
                  | mutation. [potion of mutation]
  2331 | D:3      | Reached skill level 4 in Spellcasting
  2563 | D:3      | Learned a level 2 spell: Slow
  2567 | D:3      | Learned a level 3 spell: Mephitic Cloud
  2711 | D:4      | Reached XP level 5. HP: 41/42 MP: 7/11
  2735 | D:4      | Noticed a hippogriff
  2743 | D:4      | Killed a hippogriff
  2743 | D:4      | Reached skill level 1 in Long Blades
  2778 | D:4      | Found Ysomus's Food Emporium.
  2803 | D:4      | Reached XP level 6. HP: 32/50 MP: 1/13
  2892 | D:4      | Reached skill level 5 in Spellcasting
  3123 | D:5      | Entered Level 5 of the Dungeon
  3135 | D:5      | Learned a level 2 spell: Searing Ray
  3224 | D:5      | Reached skill level 1 in Fighting
  3224 | D:5      | Reached XP level 7. HP: 57/57 MP: 11/14
  3278 | D:5      | Noticed Grinder
  3296 | D:5      | Killed Grinder
  3296 | D:5      | Reached * piety under Wu Jian
  3347 | D:5      | Found an opulent altar of Gozag.
  3681 | D:5      | Found a hazy altar of Hepliaklqana.
  3784 | D:5      | Found a snail-covered altar of Cheibriados.
  4118 | D:6      | Found a sacrificial altar of Ru.
  4295 | D:6      | Reached XP level 8. HP: 23/64 MP: 9/16
  4373 | D:6      | Reached skill level 6 in Spellcasting
  4883 | D:6      | Reached skill level 1 in Axes
  5414 | D:7      | Noticed Harold
  5470 | D:6      | HP: 2/68 [orc/+0 falchion (3)]
  5471 | D:6      | Slain by Harold

Levels and vault maps discovered:
D:1:      scummos_arrival_forest, layout_rooms
D:2:      layout_loops_ring, minmay_tall_x
D:3:      layout_loops_ring, overflow_temple_1_default, serial_rivers,
          chequers_serial_rivers_marsh, chequers_serial_rivers_large_a,
          chequers_serial_rivers_micro_b, chequers_serial_rivers_micro_d,
          chequers_serial_rivers_micro_b
D:4:      layout_cave_pools, first_ration, serial_shops, shop
D:5:      layout_loops_ring, marbit_many_paths, kennysheep_mini_moat,
          grunt_gozag_breadcrumbs, uniq_grinder
D:6:      layout_loops_corners, nicolae_ru_awakened_eye
D:7:      layout_rooms, grunt_qazlal_clouds, minmay_temple_entry_crystal_x,
          uniq_harold

Skill      XL: |  1  2  3  4  5  6  7  8 |
---------------+-------------------------+-----
Spellcasting   | 4 5 6 |  6.3
Dodging        | 2 3 |  3.0
Conjurations   | 2 |  2.4
Summonings     | 2 3 4 |  4.6
Long Blades    | 1 2 3 |  3.3
Fighting       | 1 2 |  2.4
Axes           | 1 |  1.8
Stealth        | 4 |  4.0
Armour         | |  0.1
Translocations | |  1.0

Action                   |  1- 3 |  4- 6 |  7- 9 || total
-------------------------+-------+-------+-------++-------
Melee: Unarmed           |     9 |       |       ||     9
       Dagger            |    44 |       |       ||    44
       Falchion          |     3 |    69 |    82 ||   154
       Hand axe          |       |       |    54 ||    54
 Cast: Magic Dart        |    38 |    23 |    25 ||    86
       Call Imp          |    25 |    32 |    42 ||    99
       Searing Ray       |       |       |     2 ||     2
Invok: Lunge             |       |       |     6 ||     6
       Whirlwind         |       |       |     1 ||     1
  Use: Scroll            |     5 |     3 |     2 ||    10
       Potion            |     1 |     4 |     6 ||    11
 Stab: Distracted        |     1 |     1 |       ||     2
       Sleeping          |       |       |     1 ||     1
  Eat: Chunk             |     3 |     4 |     6 ||    13
Armor: Robe              |    24 |    38 |    39 ||   101
       Leather armour    |       |       |     2 ||     2
Dodge: Dodged            |    68 |    50 |    79 ||   197
       Rpst.: Falchion   |       |    14 |    14 ||    28

Table legend:
 A = Non-vault XP
 B = Vault XP
 C = Vault XP percentage of total XP
 D = Non-vault monster count
 E = Vault monster count
 F = Vault count percentage of total count
                 A         B        C        D         E       F
            +---------+---------+-------+---------+---------+-------
      Total |    1730 |     195 |  10.1 |     121 |       6 |   4.7
            +---------+---------+-------+---------+---------+-------
        D:1 |      23 |       0 |   0.0 |      15 |       0 |   0.0
        D:2 |      30 |       6 |  16.7 |      16 |       4 |  20.0
        D:3 |      57 |       0 |   0.0 |      17 |       0 |   0.0
        D:4 |     480 |       0 |   0.0 |      24 |       0 |   0.0
        D:5 |     194 |     189 |  49.3 |      17 |       2 |  10.5
        D:6 |     783 |       0 |   0.0 |      25 |       0 |   0.0
        D:7 |     163 |       0 |   0.0 |       7 |       0 |   0.0
            +---------+---------+-------+---------+---------+-------
